 Dungeon Crawl Stone Soup version 0.31-a0-640-g39d97e502b (webtiles) character file.

Game seed: 14352495163905248448

127 qw the Shooter (level 5, -8/32 HPs)
             Began as a Gargoyle Hunter on Aug 27, 2023.
             Mangled by Edmund
             ... wielding a +2 heavy dire flail
              (17 damage)
             ... on level 3 of the Dungeon.
             The game lasted 00:00:52 (2167 turns).

qw the Shooter (Gargoyle Hunter)                    Turns: 2167, Time: 00:00:53

Health: -8/32      AC: 13    Str: 20    XL:     5   Next: 11%
Magic:  5/5        EV: 11    Int: 10    God:
Gold:   112        SH:  0    Dex: 18    Spells: 4/4 levels left

rFire   . . .        Y - +1 shortbow
rCold   . . .        (shield currently unavailable)
rNeg    + . .        f - +0 ring mail
rPois   inf          (no helmet)
rElec   +            d - +0 cloak
rCorr   .            b - +2 pair of gloves {Dex+3}
SInv    .            (no boots)
Will    .....        (no amulet)
Stlth   +            c - +6 ring of strength
HPRegen 0.25/turn    (no ring)
MPRegen 0.09/turn

%: no passive effects
@: no status effects
A: sickness immunity, AC +4, negative energy resistance 1, electricity
resistance, torment resistance 1, petrification resistance
a: no special abilities


You were on level 3 of the Dungeon.
You visited 1 branch of the dungeon, and saw 4 of its levels.

You collected 112 gold pieces.


Innate Abilities, Weirdness & Mutations

You are immune to sickness and miasma.
Your stone body is resilient. (AC +4)
You are immune to poison.
You resist negative energy. (rN+)
You are resistant to electric shocks. (rElec)
You are resistant to unholy torment.
You are immune to petrification.


   Skills:
 - Level 3.0 Fighting
 + Level 5.8 Ranged Weapons
 - Level 1.0 Armour
 - Level 1.5 Dodging
 - Level 1.1 Stealth


You had 4 spell levels left.
You didn't know any spells.
Your spell library was empty.

Inventory:

Hand Weapons
 Y - a +1 shortbow (weapon)
Armour
 b - a +2 pair of gloves of dexterity (worn)
 d - a +0 cloak (worn)
 f - a +0 ring mail (worn)
Jewellery
 c - a +6 ring of strength (left hand)
Potions
 a - a potion of brilliance {unknown}
 g - a potion of attraction {unknown}
 j - a potion of degeneration {unknown}
 k - a potion of invisibility {unknown}

Dungeon Overview and Level Annotations

Branches:
Dungeon (4/15)
 Temple: D:4-7

Altars:

Annotations:
D:3 1 runed translucent door, Crazy Yiuf, Edmund


Message History

You climb upwards.
Level annotation: 1 runed translucent door, Crazy Yiuf
There is a stone staircase leading down here.
You shoot an arrow. The arrow barely misses Edmund.
Edmund hits you with a +2 heavy dire flail!
You shoot an arrow. The arrow hits Edmund.
Edmund is lightly wounded.
You shoot an arrow. The arrow barely misses Edmund.
Edmund hits you but does no damage.
You shoot an arrow.
The arrow hits Edmund but does no damage.
Edmund is lightly wounded.
Edmund hits you but does no damage.
You shoot an arrow. The arrow barely misses Edmund.
Edmund hits you with a +2 heavy dire flail!
You shoot an arrow. The arrow closely misses Edmund.
You shoot an arrow. The arrow closely misses Edmund.
Edmund misses you.
You shoot an arrow. The arrow hits Edmund.
Edmund is lightly wounded.
Edmund closely misses you.
You shoot an arrow. The arrow hits Edmund.
Edmund is lightly wounded.
Edmund barely misses you.
You shoot an arrow. The arrow hits Edmund.
Edmund is moderately wounded.
Edmund completely misses you.
You shoot an arrow. The arrow hits Edmund.
Edmund is moderately wounded.
You shoot an arrow. The arrow hits Edmund!
Edmund is heavily wounded.
Edmund hits you but does no damage.
You shoot an arrow. The arrow barely misses Edmund.
Edmund hits you with a +2 heavy dire flail.
You shoot an arrow. The arrow hits Edmund.
Edmund is heavily wounded.
Edmund hits you with a +2 heavy dire flail!
Ouch! That really hurt!
You die...
Edmund says, "I'd like to see a scythe do that!"

#.################
#.................
#.###############. #.#
#. #.# ## #.# #.#
#.####
######@...#############
#.....@##..........[...
#.#####################
##.# #..# #.##### ###
### #..#..## ###..)#
#.. #......####.+...#
#.. ##......#..##...#
#..


You could see Edmund.

Vanquished Creatures
  An iguana (D:4)
  4 adders
  2 worms
  A dart slug (D:1)
  6 bats
  2 endoplasms
  6 giant cockroaches
  4 goblins
  5 hobgoblins
  2 jackals (D:1)
  7 kobolds
  3 quokkas
  4 ball pythons
  A frilled lizard (D:1)
  10 rats
58 creatures vanquished.

Notes
Turn   | Place    | Note
-------+----------+-------------------------------------------
     0 | D:1      | qw the Gargoyle Hunter began the quest for the Orb.
     0 | D:1      | Reached XP level 1. HP: 12/12 MP: 1/1
     0 | D:1      | 0 ||| qw: Version: 0.3-a-74-g0d5e918
     0 | D:1      | 0 ||| qw: Game counter: 28
     0 | D:1      | 0 ||| qw: Melee chars always use a shield: true
     0 | D:1      | 0 ||| qw: God list: Okawaru
     0 | D:1      | 0 ||| qw: Allow faded altars: false
     0 | D:1      | 0 ||| qw: Do Orc after clearing Dungeon:15 true
     0 | D:1      | 0 ||| qw: Do second Lair branch before Depths: true
     0 | D:1      | 0 ||| qw: Lair rune preference: random
     0 | D:1      | 0 ||| qw: Goals: Normal
     0 | D:1      | 0 ||| PLANNING D:1-11
   103 | D:1      | Reached XP level 2. HP: 17/17 MP: 2/2
   112 | D:1      | HP: 2/17 [frozen (3)]
   393 | D:1      | 393 ||| Stepping ~*~*~tactically~*~*~ (outnumbered).
   400 | D:1      | Reached XP level 3. HP: 21/21 MP: 3/3
   478 | D:1      | Reached skill level 5 in Ranged Weapons
   495 | D:1      | 495 ||| UPGRADING to +0 ring mail.
   505 | D:1      | 505 ||| DROPPING +0 leather armour.
   506 | D:1      | 506 ||| DROPPING +6 ring of intelligence.
   507 | D:1      | 507 ||| READING 2 scrolls labelled WILUXZ ZIHO.
   508 | D:1      | 508 ||| READING 3 scrolls labelled AWAAZI UMOYL.
   509 | D:1      | 509 ||| READING scroll labelled TAOFIVU NIQO.
   510 | D:1      | 510 ||| READING scroll labelled FUUXTO RENKAJI.
   511 | D:1      | 511 ||| DROPPING scroll of fog.
   512 | D:1      | 512 ||| DROPPING scroll of butterflies.
   513 | D:1      | 513 ||| DROPPING 2 scrolls of revelation.
   658 | D:2      | Reached skill level 1 in Armour
   802 | D:2      | 802 ||| READING scroll labelled FOANEEC BUERHUOGH.
   847 | D:2      | Reached skill level 3 in Fighting
   847 | D:2      | Reached XP level 4. HP: 27/28 MP: 4/4
  1057 | D:2      | 1057 ||| UPGRADING to +6 ring of strength.
  1058 | D:2      | 1058 ||| READING scroll labelled CEUMEU IXZAMU.
  1059 | D:2      | 1059 ||| READING scroll labelled LETHOR LIDWIN.
  1060 | D:2      | 1060 ||| READING scroll labelled XOQEZI TIOLO.
  1060 | D:2      | Identified a scroll of acquirement
  1060 | D:2      | 1060 ||| ACQUIRING +2 pair of gloves of dexterity
  1060 | D:2      | Acquired a +2 pair of gloves of dexterity
  1062 | D:2      | 1062 ||| UPGRADING to +2 pair of gloves of dexterity.
  1751 | D:3      | Found a runed translucent door.
  1752 | D:3      | Noticed Crazy Yiuf
  2120 | D:3      | 2120 ||| UPGRADING to +0 cloak.
  2125 | D:3      | 2125 ||| READING scroll labelled DITHRE HISUXT.
  2147 | D:4      | Noticed Edmund
  2151 | D:4      | Reached XP level 5. HP: 32/32 MP: 5/5
  2152 | D:4      | 2152 ||| STAIRDANCE
  2167 | D:3      | Mangled by Edmund

Levels and vault maps discovered:
D:1:      dpeg_arrival_erosion, layout_rooms
D:2:      minmay_general_purpose_star, layout_rooms
D:3:      layout_basic, uniq_crazy_yiuf_cottage
D:4:      layout_rooms, uniq_edmund

Skill      XL: |  1  2  3 |
---------------+----------+-----
Ranged Weapons | 5 |  5.8
Armour         | 1 |  1.0
Fighting       | 3 |  3.0
Dodging        | |  1.5
Stealth        | |  1.1

Action                     |  1- 3 |  4- 6 || total
---------------------------+-------+-------++-------
   Fire: Shortbow          |   117 |    89 ||   206
    Use: Scroll            |     5 |     4 ||     9
 Armour: Leather armour    |    11 |       ||    11
         Ring mail         |    12 |    18 ||    30
  Dodge: Dodged            |    33 |    29 ||    62

Table legend:
 A = Non-vault XP
 B = Vault XP
 C = Vault XP percentage of total XP
 D = Non-vault monster count
 E = Vault monster count
 F = Vault count percentage of total count
                 A         B        C        D         E       F
            +---------+---------+-------+---------+---------+-------
      Total |     174 |       8 |   4.4 |      53 |       5 |   8.6
            +---------+---------+-------+---------+---------+-------
        D:1 |      39 |       0 |   0.0 |      22 |       0 |   0.0
        D:2 |      52 |       8 |  13.3 |      18 |       5 |  21.7
        D:3 |      48 |       0 |   0.0 |      12 |       0 |   0.0
        D:4 |      35 |       0 |   0.0 |       1 |       0 |   0.0
            +---------+---------+-------+---------+---------+-------
